 Dungeon Crawl Stone Soup version 0.18.1-48-g4cf74bf (webtiles) character file.

18 Heedrag the Conjurer (level 2, -1/15 HPs)
             Began as a Deep Elf Conjurer on July 30, 2016.
             Slain by a jackal (3 damage)
             ... on level 1 of the Dungeon.
             The game lasted 00:01:22 (295 turns).

Heedrag the Conjurer (Deep Elf Conjurer)             Turns: 295, Time: 00:01:23

Health: -1/15      AC:  2    Str:  5    XL:     2   Next: 51%
Magic:  1/8        EV: 13    Int: 19    God:
Gold:   31         SH:  0    Dex: 15    Spells: 1 memorised, 6 levels left

rFire  . . .     SeeInvis .     o - +1 dagger (holy)
rCold  . . .     Gourm    .     a - +0 robe
rNeg   . . .     Faith    .     (no shield)
rPois  .         Spirit   .     (no helmet)
rElec  .         Dismiss  .     (no cloak)
rCorr  +         Reflect  .     (no gloves)
SustAt .         Harm     .     (no boots)
MR     .....                    (no amulet)
Stlth  ++........               (no ring)
                                g - ring of resist corrosion

@: not resistant to hostile enchantments, unstealthy
A: no striking features
a: no special abilities


You were on level 1 of the Dungeon.
You were not hungry.

You visited 1 branch of the dungeon, and saw 1 of its levels.

You collected 31 gold pieces.

Inventory:

Hand Weapons
 o - a +1 dagger of holy wrath (weapon)
Armour
 a - a +0 robe (worn)
 l - a +0 buckler
Jewellery
 g - a ring of resist corrosion (left hand)
Scrolls
 k - a scroll of remove curse {unknown}
 m - a scroll of random uselessness {unknown}
Potions
 d - a potion of might {unknown}
 e - a potion of flight {unknown}
 i - a potion of curing {unknown}
 j - a potion of resistance {unknown}
 n - 2 potions of heal wounds {unknown}
Books
 b - a book of Conjurations

   Spells                             Type                      Level
   a - Magic Dart                     Conjuration                  1
   b - Searing Ray                    Conjuration                  2
   c - Dazzling Spray                 Conjuration/Hexes            3
   d - Fulminant Prism                Conjuration/Hexes            4
   e - Iskenderun's Mystic Blast      Conjuration                  4
   f - Iskenderun's Battlesphere      Conjuration/Charms           5
Comestibles
 c - 2 bread rations


   Skills:
 - Level 2.4 Dodging
 - Level 2.4 Stealth
 + Level 3.3 Spellcasting
 * Level 5.0 Conjurations


You had 6 spell levels left.
You knew the following spells:

 Your Spells              Type           Power        Failure   Level  Hunger
a - Magic Dart            Conj           ###.         1%          1    None


Dungeon Overview and Level Annotations

Branches:
Dungeon (1/15)

Altars:


Message History

Press: ? - help, Shift-Dir - straight line, f - hobgoblin
Aim: a hobgoblin, wieldin' a club Tha magic dart hits tha hobgoblin.
Tha hobgoblin be heavily wounded.
Tha hobgoblin closely misses ye.
Castin': Magic Dart Confirm wit' . or Enter, or press ? or * ta list all spells.
Aimin': Magic Dart
Press: ? - help, Shift-Dir - straight line, f/p - hobgoblin
Aim: a hobgoblin, wieldin' a club (heavily wounded) Tha magic dart hits tha hobgoblin.
Tha hobgoblin be severely wounded.
Ye hit tha hobgoblin but do nay damage.
Tha hobgoblin be severely wounded.
Tha hobgoblin barely misses ye.
Ye hit tha hobgoblin.
Ye kill tha hobgoblin!
Tha jackal barely misses ye.
Tha jackal bites ye.
Ye die...

##.##..#..............
#...#..............##.
#...#....).........#
#...#..............#
##...##.##........#.#
#####.....#####.....†##.#
#...........).##.###.##.####
.......<.......+.# #.##h...###
#.............##@###.........#
#####.....#####hh..###...†...#
....##...##.....##.####.†....#
....>#...#.......).............
.....#...##.....##......†......
.....#...##.........##.#.......
...).##.####.......#...#.##.#.#
.#....#'# #....##...##.......#
.#.#....# ##.............####..


You could see 2 jackals.

Vanquished Creatures
  2 giant cockroaches (D:1)
  2 hobgoblins (D:1)
  6 jackals (D:1)
  2 goblins (D:1)
  2 kobolds (D:1)
  2 rats (D:1)
16 creatures vanquished.

Notes
Turn   | Place    | Note
--------------------------------------------------------------
     0 | D:1      | Heedrag the Deep Elf Conjurer began the quest for the Orb.
     0 | D:1      | Reached XP level 1. HP: 10/10 MP: 6/6
   176 | D:1      | Reached XP level 2. HP: 15/15 MP: 5/8
   267 | D:1      | Reached skill level 5 in Conjurations
   295 | D:1      | Slain by a jackal

Skill      XL: |  1  2 |
---------------+-------+-----
Conjurations   | 5 |  5.0
Dodging        | |  2.4
Stealth        | |  2.4
Spellcasting   | |  3.3

Action                   || total
-------------------------++-------
Melee: Dagger            ||    18
 Cast: Magic Dart        ||    27
Armor: Robe              ||     4
Dodge: Dodged            ||    24
